 Dungeon Crawl Stone Soup version 0.31-a0-569-g7ea453304b (webtiles) character file.

Game seed: 12235947969539265882

19 Ethylacetat the Insei (level 2, -1/20 HPs)
             Began as an Octopode Gladiator on Aug 18, 2023.
             Slain by a hobgoblin (4 damage)
             ... on level 1 of the Dungeon.
             The game lasted 00:00:24 (204 turns).

Ethylacetat the Insei (Octopode Gladiator)           Turns: 204, Time: 00:00:25

Health: -1/20      AC:  1    Str: 13    XL:     2   Next: 75%
Magic:  2/2        EV: 14    Int: 10    God:
Gold:   18         SH:  0    Dex: 13    Spells: 1/1 levels left

rFire   . .          .
                       - Unarmed
rCold   . . .        (no shield)
rNeg    . . .        a - +0 hat
rPois   .            (no amulet)
rElec   .            (no ring)
rCorr   .            (no ring)
SInv    .            (no ring)
Will    .....        (no ring)
Stlth   ++           (no ring)
HPRegen 0.23/turn    (no ring)
MPRegen 0.08/turn    (no ring)
                     (no ring)

%: no passive effects
@: no status effects
A: almost no armour, amphibious, 8 rings, camouflage 1, gelatinous body 1,
(nimble swimmer 1), tentacles
a: no special abilities


You were on level 1 of the Dungeon.
You visited 1 branch of the dungeon, and saw 1 of its levels.

You collected 18 gold pieces.

Inventory:

Missiles
 b - 3 throwing nets (quivered)
 c - a javelin
Armour
 a - a +0 hat (worn)
Potions
 d - a potion of enlightenment {unknown}


   Skills:
 + Level 2.4 Fighting
 - Level 2.0 Throwing
 + Level 3.3 Dodging
 + Level 3.3 Unarmed Combat


You had one spell level left.
You didn't know any spells.
Your spell library was empty.

Dungeon Overview and Level Annotations

Branches:
Dungeon (1/15)

Altars:


Innate Abilities, Weirdness & Mutations

You cannot wear most types of armour.
You are amphibious.
You can wear up to eight rings at the same time.
Your skin changes colour to match your surroundings (Stealth+).
Your rubbery body absorbs attacks. (AC +1, EV +1)
((You are camouflaged when in or above water. (Stealth+)))
You have tentacles for arms and can constrict up to eight enemies at once.


Message History

The kobold misses you. The rat bites you but does no damage.
The hobgoblin hits you.
You barely miss the quokka. You grab the quokka.
The quokka is heavily wounded.
You constrict the quokka. The bat hits you. The quokka barely misses you.
The kobold closely misses you. The rat bites you. The hobgoblin hits you.
You are too injured to fight recklessly!
You are too injured to fight recklessly!
You are too injured to fight recklessly!
You release your grip on the quokka.
The quokka barely misses you. The bat hits you.
The bat puts on a burst of speed as it pursues you!
The bat completely misses you. The quokka barely misses you.
The rat misses you. The bat barely misses you. The quokka bites you.
* * * LOW HITPOINT WARNING * * *
The rat puts on a burst of speed as it pursues you!
You barely miss the quokka. Your grab misses the quokka.
The quokka is severely wounded.
The quokka bites you.
* * * LOW HITPOINT WARNING * * *
You barely miss the quokka. Your grab misses the quokka.
The quokka is severely wounded.
The quokka barely misses you.
You tentacle-slap the quokka.
You kill the quokka!
You tentacle-slap the rat but do no damage.
You grab the rat. You constrict the rat. The rat barely misses you.
You tentacle-slap the rat.
You kill the rat!
The hobgoblin hits you.
* * * LOW HITPOINT WARNING * * *
The kobold closely misses you.
Things that are here:
a rat corpse; a quokka corpse You tentacle-slap the kobold.
You kill the kobold!
The bat hits you but does no damage. The bat closely misses you.
The hobgoblin hits you.
You die...

.....##......##.....#
.....######[.#......#
...... #.........#
.#.## .####........####
.# # ..$.....†........
......
.................
##.####....####.#...###
#r# ##... #bg#.....
...## ##@##.... ### #.#
#... #.# ... #.. . ##.#
.# .# .. #.


You could see a hobgoblin and a bat (pursuing).

Vanquished Creatures
  A dart slug (D:1)
  2 endoplasms (D:1)
  A giant cockroach (D:1)
  A hobgoblin (D:1)
  2 kobolds (D:1)
  3 quokkas (D:1)
  A ball python (D:1)
  6 rats (D:1)
17 creatures vanquished.

Notes
Turn   | Place    | Note
-------+----------+-------------------------------------------
     0 | D:1      | Ethylacetat the Octopode Gladiator began the quest for the
                  | Orb.
     0 | D:1      | Reached XP level 1. HP: 14/14 MP: 1/1
    27 | D:1      | Reached XP level 2. HP: 17/19 MP: 2/2
   204 | D:1      | Slain by a hobgoblin

Illustrated notes

Levels and vault maps discovered:
D:1:      spicycebolla_arrival_xxxplode, layout_rooms

Action                     || total
---------------------------++-------
  Melee: Unarmed           ||    41
         Constrict         ||    11
         Tentacles         ||     7
         Punch             ||     1
   Stab: Sleeping          ||     2
 Armour: Skin              ||     7
  Dodge: Dodged            ||    49

Table legend: (Time is in decaauts)
 A = Elapsed time spent in this place.
 B = Non-inter-level travel time spent in this place.
 C = Inter-level travel time spent in this place.
 D = Time resting spent in this place.
 E = Time spent auto-exploring this place.
 F = Levels seen in this place.
 G = Mean time per level.
                   A        B        C        D        E       F      G
               +--------+--------+--------+--------+--------+-----+--------+
         Total |    201 |    201 |      0 |      0 |    119 |   1 |  201.0 |
       Dungeon |    201 |    201 |      0 |      0 |    119 |   1 |  201.0 |
               +--------+--------+--------+--------+--------+-----+--------+

Top non-repeatable levels by time:
     D:1: 201 daAuts
